 Dungeon Crawl Stone Soup version 0.21.1-1-g345015f (webtiles) character file.

3028 aMcNicky the Thaumaturge (level 9, -1/49 HPs)
             Began as a Deep Elf Wizard on Mar 24, 2018.
             Was an Initiate of Vehumet.
             Killed from afar by a gargoyle (28 damage)
             ... with a stone arrow
             ... on level 7 of the Dungeon.
             The game lasted 00:45:14 (10195 turns).

aMcNicky the Thaumaturge (Deep Elf Wizard)         Turns: 10195, Time: 00:45:15

Health: -1/49      AC:  4    Str:  4    XL:     9   Next: 55%
Magic:  19/24      EV: 16    Int: 27    God:    Vehumet [......]
Gold:   430        SH:  0    Dex: 13    Spells: 20/27 levels left

rFire    . . .     SeeInvis .   e - +1 dagger
rCold    . . .     Gourm    .   (no shield)
rNeg     + . .     Faith    .   a - +0 robe
rPois    .         Spirit   .   b - +0 hat
rElec    .         Reflect  .   (no cloak)
rCorr    .         Harm     .   y - +0 pair of gloves
MR       .....                  p - +0 pair of boots
Stlth    ++........             z - amulet of regeneration
HPRegen  0.56/turn              B - ring of positive energy
MPRegen  0.19/turn              K - +2 ring of evasion

@: no status effects
A: no striking features
a: Renounce Religion


You were on level 7 of the Dungeon.
You worshipped Vehumet.
Vehumet was noncommittal.
You were not hungry.

You visited 1 branch of the dungeon, and saw 8 of its levels.

You collected 430 gold pieces.

Inventory:

Hand Weapons
 e - a +1 dagger (weapon)
Armour
 a - a +0 robe (worn)
 b - a +0 hat (worn)
 p - a +0 pair of boots (worn)
 y - a +0 pair of gloves (worn)
Magical Staves
 r - an uncursed staff of poison
Jewellery
 z - an amulet of regeneration (around neck)
 B - a ring of positive energy (left hand)
 C - a +2 ring of slaying
 K - a +2 ring of evasion (right hand)
Wands
 u - a wand of digging (10)
 A - a wand of flame (22)
 F - a wand of polymorph (10)
 I - a wand of paralysis (14)
Scrolls
 g - 4 scrolls of enchant weapon
 j - a scroll of magic mapping
 k - a scroll of fog {unknown}
 l - 4 scrolls of identify {@r1}
 m - 2 scrolls of fear {unknown}
 n - a scroll of blinking {unknown}
 t - a scroll of remove curse {@r2}
 D - a scroll of noise {unknown}
 G - a scroll of amnesia {unknown}
 H - a scroll of torment {unknown}
 L - a scroll of enchant armour {unknown}
Potions
 f - 2 potions of curing {@q1}
 h - 2 potions of brilliance {unknown}
 i - a potion of haste
 o - 3 potions of flight
 q - 3 potions of heal wounds {unknown}
 s - 5 potions of degeneration {unknown}
 w - 5 potions of agility {unknown}
 x - a potion of mutation {unknown}
 J - 2 potions of berserk rage {unknown}
Books
 c - a book of Minor Magic

   Spells                             Type                      Level
   a - Magic Dart                     Conjuration                  1
   b - Blink                          Translocation                2
   c - Call Imp                       Summoning                    2
   d - Slow                           Hexes                        2
   e - Conjure Flame                  Conjuration/Fire             3
   f - Mephitic Cloud                 Conjuration/Poison/Air       3
 v - Jessica's Collected Works on Black Rituals
   (You found it on level 3 of the Dungeon)

   Spells                             Type                      Level
   a - Sublimation of Blood           Necromancy                   2
Comestibles
 d - 9 rations


   Skills:
 + Level 2.4 Fighting
 + Level 4.6 Dodging
 - Level 2.4 Stealth
 + Level 9.5 Spellcasting
 + Level 8.5 Conjurations
   Level 1.1 Summonings
   Level 1.1 Translocations
 - Level 4.7 Fire Magic
 - Level 3.7 Air Magic
 - Level 4.1 Poison Magic
 + Level 1.2 Evocations


You had 20 spell levels left.
You knew the following spells:

 Your Spells              Type           Power        Failure   Level  Hunger
a - Magic Dart            Conj           ####         1%          1    None
b - Mephitic Cloud        Conj/Pois/Air  #####...     1%          3    None
c - Conjure Flame         Conj/Fire      #####...     1%          3    None


Dungeon Overview and Level Annotations

Branches:
Dungeon (8/15)             Temple (0/1) D:7
   Lair: D:8-11

Altars:
Fedhas
Gozag
Hepliaklqana
Qazlal
Uskayaw
Vehumet
The Shining One


Message History

Aiming: Polymorph
Press: ? - help, Shift-Dir - straight line, f/p - gargoyle
Aim: a gargoyle, wielding a morningstar (chance to defeat MR: 32%)
The gargoyle is unaffected.
Evoke which item? (* to show all) (? for menu, Esc to quit)
Aiming: Polymorph
Press: ? - help, Shift-Dir - straight line, f/p - gargoyle
Aim: a gargoyle, wielding a morningstar (chance to defeat MR: 32%)
The gargoyle is unaffected.
Evoke which item? (* to show all) (? for menu, Esc to quit)
Aiming: Throw Flame
Press: ? - help, Shift-Dir - straight line, f/p - gargoyle
Aim: a gargoyle, wielding a morningstar The puff of flame hits the gargoyle.
The gargoyle appears unharmed.
The gargoyle hurls a stone arrow at you.
The stone arrow hits you!
The gargoyle hurls a stone arrow at you.
The stone arrow hits you!
Ouch! That really hurt!
You die...

.................................
..######.#############.##########
.......#.#...........#.#...).....
..####.#.#.####.####.#.#.####.###
..#....#.#....#.#....#.#....#.#..
..#.####.####.#.#.####.####.#.#.#
..#...........#.#...≈.......#.#..
..#############.#############.###
................@................
.#.#...###.##<####>####...9......
.)..................9............
.................................
...##.#######.####.##.#......###.
...##.# #####)####.####......# #.
...##.# #..........# ######.# #.
...##)###.....###..# #.# #.
..............###..# #.# #.


You could see a gargoyle.

Vanquished Creatures
  3 gargoyles (D:7)
  A hippogriff (D:7)
  The ghost of TheNamelessOne the Conjurer, an amateur DsCj (D:4)
  Sigmund (D:6)
  An ice beast (D:5)
  A sky beast (D:7)
  A phantom (D:5)
  3 ogres (D:4)
  A centaur (D:7)
  A bullfrog (D:7)
  A wyvern zombie (D:7)
  A wyvern skeleton (D:7)
  2 crimson imps
  An orc priest (D:6)
  A centaur skeleton (D:5)
  2 orc wizards
  2 hounds (D:6)
  A bullfrog skeleton (D:4)
  Jessica (D:3)
  6 iguanas
  6 worker ants
  A howler monkey zombie (D:5)
  Robin (D:4)
  3 gnolls (D:4)
  8 adders
  2 shadow imps
  An ooze (D:2)
  An adder zombie (D:6)
  2 worms
  11 leopard geckos
  12 orcs
  2 ball pythons
  A bat (D:2)
  5 giant cockroaches
  14 goblins
  5 hobgoblins
  18 jackals
  6 quokkas
  A ball python skeleton (D:5)
  6 frilled lizards
  6 kobolds
  3 rats (D:3)
147 creatures vanquished.

Notes
Turn   | Place    | Note
-------+----------+-------------------------------------------
     0 | D:1      | aMcNicky the Deep Elf Wizard began the quest for the Orb.
     0 | D:1      | Reached XP level 1. HP: 10/10 MP: 7/7
   778 | D:2      | Reached XP level 2. HP: 15/15 MP: 4/9
  1140 | D:2      | Reached skill level 5 in Spellcasting
  1140 | D:2      | Reached XP level 3. HP: 19/19 MP: 7/11
  1875 | D:3      | Found a hide-covered altar of Uskayaw.
  1880 | D:3      | Noticed a hand axe
  1880 | D:3      | Noticed a hand axe
  1912 | D:3      | Reached XP level 4. HP: 22/24 MP: 2/13
  2059 | D:3      | Found a faded altar of an unknown god.
  2176 | D:3      | Found an opulent altar of Gozag.
  2343 | D:3      | Found a hazy altar of Hepliaklqana.
  2539 | D:3      | Noticed Jessica
  2543 | D:3      | Killed Jessica
  2561 | D:3      | Identified Jessica's Collected Works on Black Rituals
  2572 | D:3      | Learned a level 3 spell: Mephitic Cloud
  2877 | D:4      | Reached XP level 5. HP: 10/28 MP: 5/15
  3096 | D:4      | Reached skill level 1 in Poison Magic
  3264 | D:4      | Reached skill level 1 in Air Magic
  3376 | D:4      | Noticed Robin
  3379 | D:4      | Noticed TheNamelessOne's ghost (amateur DsCj)
  3880 | D:4      | Reached skill level 6 in Spellcasting
  3953 | D:4      | Killed TheNamelessOne's ghost
  3953 | D:4      | Reached skill level 5 in Conjurations
  3953 | D:4      | Reached XP level 6. HP: 17/32 MP: 5/17
  4246 | D:4      | Killed Robin
  4337 | D:4      | Reached XP level 7. HP: 36/36 MP: 6/18
  4859 | D:4      | Learned a level 3 spell: Conjure Flame
  5254 | D:4      | Reached skill level 7 in Spellcasting
  5452 | D:5      | Entered Level 5 of the Dungeon
  5755 | D:5      | Reached skill level 1 in Fire Magic
  6073 | D:5      | Reached XP level 8. HP: 34/41 MP: 7/21
  6609 | D:6      | Found a blossoming altar of Fedhas.
  6870 | D:6      | Found a stormy altar of Qazlal.
  7360 | D:6      | Noticed Sigmund
  7415 | D:6      | Killed Sigmund
  7415 | D:6      | Reached skill level 8 in Spellcasting
  7544 | D:6      | Found a glowing golden altar of the Shining One.
  7889 | D:7      | Found a radiant altar of Vehumet.
  8001 | D:7      | Became a worshipper of Vehumet
  8172 | D:7      | Noticed a hippogriff
  8187 | D:7      | Killed a hippogriff
  8780 | D:7      | Reached XP level 9. HP: 39/46 MP: 11/23
  9393 | D:7      | Noticed a gargoyle
  9466 | D:7      | Noticed a gargoyle
  9664 | D:7      | Found a staircase to the Ecumenical Temple.
  9670 | D:7      | Reached skill level 1 in Fighting
  9791 | D:7      | Killed a gargoyle
  9791 | D:7      | Reached skill level 9 in Spellcasting
  9827 | D:7      | Noticed a gargoyle
  9829 | D:7      | Noticed a gargoyle
  9829 | D:7      | Noticed a gargoyle
  9831 | D:7      | Noticed a gargoyle
  9973 | D:7      | Killed a gargoyle
 10067 | D:7      | Killed a gargoyle
 10067 | D:7      | Reached skill level 1 in Evocations
 10195 | D:7      | Killed from afar by a gargoyle

Skill      XL: |  1  2  3  4  5  6  7  8  9 |
---------------+----------------------------+-----
Conjurations   | 2 3 4 5 6 7 8 |  8.5
Spellcasting   | 5 6 7 8 9 |  9.5
Poison Magic   | 2 3 4 |  4.1
Air Magic      | 2 3 |  3.7
Fire Magic     | 2 4 |  4.7
Dodging        | 4 |  4.6
Fighting       | 2 |  2.4
Evocations     | 1 |  1.2
Stealth        | |  2.4
Summonings     | |  1.1
Translocations | |  1.1

Action                   |  1- 3 |  4- 6 |  7- 9 || total
-------------------------+-------+-------+-------++-------
Melee: Dagger            |       |       |     1 ||     1
 Cast: Magic Dart        |    77 |   117 |   340 ||   534
       Mephitic Cloud    |       |    11 |    33 ||    44
       Conjure Flame     |       |       |    20 ||    20
Evoke: Wand              |       |       |    27 ||    27
  Use: Scroll            |     4 |     1 |     1 ||     6
 Stab: Confused          |       |       |     1 ||     1
  Eat: Chunk             |     3 |     5 |     8 ||    16
       Ration            |       |     1 |     3 ||     4
Armor: Robe              |     2 |     2 |     4 ||     8
Dodge: Dodged            |     8 |    19 |    50 ||    77
